 Dungeon Crawl Stone Soup version 0.18-a0-1514-g6ed9364 (webtiles) character file.

165 Oddball22 the Purveyor of Pain (level 5, -1/42 HPs)
             Began as a Deep Elf Necromancer on Mar 6, 2016.
             Was an Initiate of Kikubaaqudgha.
             Slain by a phantom (4 damage)
             ... on level 4 of the Dungeon.
             The game lasted 00:10:39 (3794 turns).

Oddball22 the Purveyor of Pain (DENe)               Turns: 3794, Time: 00:10:39

Health: -1/42      AC:  3    Str: 10    XL:     5   Next: 21%
Magic:  14/14      EV: 13    Int: 21    God:    Kikubaaqudgha [......]
Gold:   169        SH:  0    Dex: 15    Spells: 5 memorised, 2 levels left

rFire  . . .     SeeInvis .     f - +0 falchion
rCold  . . .     Gourm    .     a - +0 robe
rNeg   . . .     Faith    .     (no shield)
rPois  .         Spirit   .     (no helmet)
rElec  .         Dismiss  .     k - +0 cloak
rCorr  .         Reflect  .     (no gloves)
SustAt .         Harm     .     (no boots)
MR     .....                    e - amulet of rage
Stlth  ..........               (no ring)
                                (no ring)

@: berserking (expiring), very quick, not resistant to hostile enchantments,
extremely unstealthy
A: no striking features
a: Renounce Religion, Evoke Berserk Rage


You were on level 4 of the Dungeon.
You worshipped Kikubaaqudgha.
Kikubaaqudgha was noncommittal.
You were not hungry.

You visited 1 branch of the dungeon, and saw 4 of its levels.

You collected 169 gold pieces.

Inventory:

Hand Weapons
 f - a +0 falchion (weapon)
Armour
 a - a +0 robe (worn)
 k - a +0 cloak (worn)
Jewellery
 e - an amulet of rage (around neck)
 q - an uncursed amulet of dismissal {unknown}
Potions
 d - a potion of lignification {unknown}
 g - 2 potions of curing {unknown}
 j - a potion of invisibility {unknown}
 l - 2 potions of flight {unknown}
 p - 2 potions of cancellation {unknown}
Books
 b - a book of Necromancy

   Spells                             Type                      Level
   a - Pain                           Necromancy                   1
   b - Animate Skeleton               Necromancy                   1
   c - Vampiric Draining              Necromancy                   3
   d - Regeneration                   Charms/Necromancy            3
   e - Animate Dead                   Necromancy                   4
   f - Control Undead                 Necromancy                   4
Comestibles
 c - 4 bread rations
 h - a chunk of flesh
 i - 2 slices of pizza
 n - 2 meat rations


   Skills:
 - Level 2.4 Dodging
 + Level 2.9 Stealth
 + Level 5.0 Spellcasting
 * Level 6.7 Necromancy


You had 2 spell levels left.
You knew the following spells:

 Your Spells              Type           Power        Failure   Level  Hunger
a - Pain                  Necr           ####         1%          1    None
b - Animate Skeleton      Necr           N/A          1%          1    None
c - Vampiric Draining     Necr           ####......   2%          3    ##.....
d - Regeneration          Chrm/Necr      ###.......   10%         3    ##.....
e - Animate Dead          Necr           N/A          10%         4    ####...


Dungeon Overview and Level Annotations

Branches:
Dungeon (4/15)
 Temple: D:4-7

Altars:
Kikubaaqudgha
Makhleb
Qazlal
Vehumet
Xom

Annotations:
D:3 Oddball22's ghost, weakling OpCj


Message History

You slash the phantom!
The phantom is moderately damaged.
The phantom hits you!
* * * LOW HITPOINT WARNING * * *
You slash the phantom!
The phantom is severely damaged.
The phantom hits you.
* * * LOW HITPOINT WARNING * * *
You barely miss the phantom.
The phantom is severely damaged.
The phantom barely misses you.
You completely miss the phantom.
The phantom is severely damaged.
The phantom hits you.
* * * LOW HITPOINT WARNING * * *
You closely miss the phantom.
The phantom is severely damaged.
The phantom hits you.
You die...
Kikubaaqudgha rasps: "You have failed me!
Welcome... death!"

#######################
................#.....#
................+<....#
................#.....#
...............##....########
...............##W...........
............(...@.....#
......................#
.####...##.....##.....#
########'####....##
#.....##....# #......#......
#......#........
#......#.........
###+######..W...#.........


You could see a phantom.

Vanquished Creatures
  An orc priest (D:3)
  A hound skeleton (D:4)
  An adder (D:1)
  An ooze (D:3)
  3 worms
  3 dart slugs
  A giant gecko (D:1)
  8 orcs (D:3)
  3 giant cockroaches
  8 goblins
  11 hobgoblins
  12 jackals
  8 kobolds
  A quokka (D:2)
  8 bats
  3 giant newts
  6 rats (D:1)
79 creatures vanquished.

Notes
Turn   | Place    | Note
--------------------------------------------------------------
     0 | D:1      | Oddball22 the Deep Elf Necromancer began the quest for the Orb.
     0 | D:1      | Reached XP level 1. HP: 10/10 MP: 6/6
    47 | D:1      | Reached skill level 5 in Necromancy
   271 | D:1      | Reached XP level 2. HP: 10/15 MP: 1/8
   679 | D:1      | Reached XP level 3. HP: 7/19 MP: 1/10
  1128 | D:1      | Learned a level 1 spell: Animate Skeleton
  1132 | D:1      | Learned a level 3 spell: Vampiric Draining
  1136 | D:1      | Learned a level 3 spell: Regeneration
  1741 | D:2      | Found a shimmering altar of Xom.
  1761 | D:2      | Found a radiant altar of Vehumet.
  1764 | D:2      | Found a stormy altar of Qazlal.
  1995 | D:2      | Reached XP level 4. HP: 24/24 MP: 10/12
  2193 | D:2      | Reached skill level 6 in Necromancy
  2318 | D:2      | Learned a level 4 spell: Animate Dead
  2584 | D:3      | Reached skill level 5 in Spellcasting
  2639 | D:3      | Noticed Oddball22's ghost (weakling OpCj)
  2956 | D:3      | Found a burning altar of Makhleb.
  2956 | D:3      | Found an ancient bone altar of Kikubaaqudgha.
  2970 | D:3      | Became a worshipper of Kikubaaqudgha
  3080 | D:3      | Reached XP level 5. HP: 26/28 MP: 11/14
  3670 | D:4      | Noticed a phantom
  3794 | D:4      | Slain by a phantom

Vault maps used:
D:1:      dpeg_arrival_solitude
D:2:      grunt_temple_overflow_diamond, first_bread
D:3:      gammafunk_temple_overflow_elements

Skill      XL: |  1  2  3  4 |
---------------+-------------+-----
Necromancy     | 5 6 |  6.7
Spellcasting   | 4 5 |  5.0
Dodging        | |  2.4
Stealth        | |  2.9

Action                   |  1- 3 |  4- 6 || total
-------------------------+-------+-------++-------
Melee: Falchion          |       |    32 ||    32
 Cast: Pain              |    70 |    58 ||   128
       Animate Dead      |       |     1 ||     1
       Regeneration      |       |     1 ||     1
 Abil: Evoke Berserk Rag |       |     3 ||     3
  Use: Scroll            |       |     6 ||     6
 Stab: Sleeping          |       |     2 ||     2
  Eat: Chunk             |     3 |     7 ||    10
